 Dungeon Crawl Stone Soup version 0.20-a0-629-gc37eb77 (webtiles) character file.

182963 krabocopter the Destroyer (level 17, -1/148 HPs)
             Began as a Yellow Draconian Conjurer on Feb 7, 2017.
             Was the Champion of Vehumet.
             Slain by a ghost moth (5 damage)
             ... on level 4 of the Spider Nest on Feb 10, 2017.
             The game lasted 06:26:15 (30685 turns).

krabocopter the Destroyer (DrCj)                   Turns: 30685, Time: 06:26:15

Health: -1/148     AC: 19    Str: 11    XL:     17   Next: 36%
Magic:  10/53      EV: 18    Int: 28    God:    Vehumet [******]
Gold:   897        SH:  7    Dex: 15    Spells: 9/44 levels left

rFire    . . .     SeeInvis .   u - +7 rapier "Toco Xet" {flame, *Noise MP+9 Int+6}
rCold    + + .     Gourm    .   (armour unavailable)
rNeg     + . .     Faith    .   S - +2 buckler {AC+3}
rPois    +         Spirit   .   w - +2 hat
rElec    .         Reflect  .   c - scarf {rC+}
rCorr    +         Harm     .   a - +2 pair of gloves {Dex+3}
MR       +....                  j - +1 pair of boots
Stlth    +++.......             f - amulet of magic regeneration
Regen    0.4/turn               T - ring of Beqasuhe {rPois rC+ rN+ Stlth+}
                                J - ring of magical power

@: very slightly contaminated, hasted, very quick
A: spit acid, acid resistance, unfitting armour, antennae 1, hooves 1, acidic
bite, cold-blooded, AC +9
}: 1/15 runes: decaying
a: Breathe Acid, Renounce Religion


You were on level 4 of the Spider Nest.
You worshipped Vehumet.
Vehumet was exalted by your worship.
You were hungry.

You visited 5 branches of the dungeon, and saw 29 of its levels.

You collected 2559 gold pieces.
You spent 1662 gold pieces at shops.

Inventory:

Hand Weapons
 u - the +7 rapier "Toco Xet" (weapon) {flame, *Noise MP+9 Int+6}
   (You found it on level 5 of the Dungeon)

   It has been specially enchanted to burn those struck by it, causing extra
   injury to most foes and up to half again as much damage against particularly
   susceptible opponents.
   It affects your intelligence (+6).
   It affects your magic capacity (+9).
   It may make noises in combat.
Armour
 a - a +2 pair of gloves of dexterity (worn)
 c - a scarf of cold resistance (worn)
 j - a +1 pair of boots (worn)
 w - a +2 hat (worn)
 S - a +2 buckler of protection (worn)
Jewellery
 f - an amulet of magic regeneration (around neck)
 h - a +3 ring of protection
 A - an uncursed ring of protection from fire
 D - an uncursed ring of positive energy
 J - a ring of magical power (left hand)
 T - the ring of Beqasuhe (right hand) {rPois rC+ rN+ Stlth+}
   (You bought it in a shop on level 2 of the Orcish Mines)

   [ring of poison resistance]

   It protects you from cold.
   It protects you from poison.
   It protects you from negative energy.
   It makes you more stealthy.
Wands
 n - a wand of confusion (24/48)
 p - a wand of iceblast (6/15)
 r - a wand of acid (5/15)
 z - a wand of scattershot (2/9)
 H - a wand of acid (9/15)
 P - a wand of paralysis (13/24)
 V - a wand of enslavement (2/24)
Scrolls
 d - 2 scrolls of immolation
 k - a scroll of enchant armour
 l - 17 scrolls of remove curse
 m - 2 scrolls of magic mapping
 C - 10 scrolls of teleportation
 E - 4 scrolls of fog
 F - a scroll of holy word
 G - 3 scrolls of enchant weapon
 K - 3 scrolls of recharging
 O - a scroll of fear
 W - a scroll of summoning
 Z - a scroll of silence
Potions
 g - 4 potions of resistance
 o - 6 potions of magic
 q - 3 potions of heal wounds
 s - 2 potions of haste
 t - 3 potions of mutation
 v - 3 potions of might
 x - a potion of brilliance
 B - 2 potions of flight
 I - 3 potions of cancellation
 Q - 3 potions of agility
 R - 3 potions of curing
 U - a potion of berserk rage
 Y - 2 potions of lignification
Miscellaneous
 e - a lamp of fire
 N - a phial of floods
 X - a lightning rod (4/4)
Comestibles
 b - 10 bread rations
 i - 13 royal jellies
 L - 2 chunks of flesh
 M - 2 meat rations


   Skills:
 + Level 12.7 Fighting
 - Level 9.0 Dodging
 - Level 1.7 Stealth
 - Level 5.2 Shields
 - Level 14.0 Spellcasting
 - Level 14.4 Conjurations
 - Level 2.1 Charms
 - Level 2.6 Transmutations
 - Level 13.9 Fire Magic
   Level 6.8 Earth Magic
 - Level 9.9 Poison Magic


You had 9 spell levels left.
You knew the following spells:

 Your Spells              Type           Power        Failure   Level  Hunger
a - Magic Dart            Conj           ####         0%          1    None
b - Fireball              Conj/Fire      #######...   1%          5    #......
c - Iskenderun's Mystic   Conj           #######.     1%          4    None
d - Mephitic Cloud        Conj/Pois/Air  ######..     1%          3    None
e - Iskenderun's Battles  Conj/Chrm      ######..     1%          5    #......
f - Ignite Poison         Fire/Tmut/Pois ######..     1%          3    None
g - Bolt of Fire          Conj/Fire      #######...   1%          6    ####...
h - Sticky Flame          Conj/Fire      #######.     1%          4    None
i - Olgreb's Toxic Radia  Pois           ######..     1%          4    None


Dungeon Overview and Level Annotations

Branches:
Dungeon (13/15)            Temple (0/1) D:4            Lair (6/6) D:10
  Swamp (4/4) Lair:4       Spider (4/4) Lair:2        Slime (0/5) Lair:6
    Orc (2/2) D:10            Elf (0/3) Orc:2
 Vaults: D:13-14

Altars:
Cheibriados
Dithmenos
Fedhas
Hepliaklqana
Kikubaaqudgha
Nemelex Xobeh
Okawaru
Ru
Sif Muna
Trog
Uskayaw
Vehumet
Xom
Beogh
Jiyva

Shops:
D:8 (   D:10 ?:%(   D:13 ![   Orc:1 [(   Orc:2 [=*:(?[

Annotations:
D:12 Erolcha
D:13 Rupert
Lair:6 2 runed doors


Innate Abilities, Weirdness & Mutations

You can spit globs of acid.
You are resistant to acid.
Your golden yellow scales are hard. (AC +9)
You cannot fit into any form of body armour.
You have acidic saliva.
You are cold-blooded and may be slowed by cold attacks.
You have a pair of small antennae on your head.
You have large cloven feet.


Message History

The wolf spider bites you!
* * * LOW HITPOINT WARNING * * *
Casting: Olgreb's Toxic Radiance
Confirm with . or Enter, or press ? or * to list all spells.
You ignite the poison in your surroundings!
The redback seems to burn from within!
You kill the redback!
Vehumet accepts your kill.
The wolf spider seems to burn from within!
You kill the wolf spider!
Vehumet accepts your kill.
You feel your power returning.
Your toxic aura wanes.
You pick your way through the web.
There is a web here.
An emperor scorpion comes into view.
You feel you are being watched by something.
You feel your power leaking away. Something hits you.
You die...

....#..##..........#.#....#....'^
^............#.^...............'s
.^#^#.......<#...#.............'s
#^........^#.#.............^...##
#^...####.#^..#........#.......#
.....#..^.#............#..#..^^#
.....#...........#.#......#^..###
.#..)...#........#.......^#...# #
..^..##.#...###{@.............###
..##.^..^.##......#....^^..#^###≈
..#.....#.......#...#...#...(# ##
.##............^..#.....[....# #
##...######......#.......#...# #
##..##....##.....#...........#
#..##†.....##........[..^##.^###
..##.^....^.##...^#.........^..##
^##..^.≈≈...^##...#............(#


There were no monsters in sight!

Vanquished Creatures
  Jorgrun (Spider:2)
  4 thorn hunters
  Donald (Swamp:3)
  2 emperor scorpions
  3 ghost moths
  An entropy weaver (Spider:1)
  Josephine (Orc:2)
  23 hydras
  Fannar (Lair:1)
  A death knight (D:13)
  A centaur warrior (D:10)
  5 alligators
  5 two-headed ogres
  8 death yaks
  5 orc high priests (Orc:2)
  A spriggan berserker (Swamp:2)
  A deep elf knight (Swamp:2)
  A fire crab (Lair:6)
  An unseen horror (D:11)
  A spriggan druid (Swamp:2)
  3 shambling mangroves
  10 swamp dragons
  Pikel (D:4)
  10 orc knights
  19 orb spiders
  An orc sorcerer (Orc:1)
  27 wolf spiders
  A deep elf mage (D:13)
  2 cyclopes
  Maurice (Orc:2)
  4 moths of wrath
  3 molten gargoyles (Lair:6)
  3 guardian serpents
  A guardian serpent (shapeshifter) (D:13)
  2 torpor snails
  6 black mambas (Lair:6)
  19 spiny frogs
  8 rime drakes
  A gargoyle (D:11)
  7 komodo dragons
  8 demonic crawlers
  4 trolls
  10 tyrant leeches
  15 hornets
  35 jumping spiders
  10 blink frogs
  5 slime creatures (Swamp:1)
  4 hippogriffs
  18 bog bodies
  Sigmund (D:3)
  82 redbacks
  6 spriggans
  34 tarantellas
  3 wyverns (Lair:6)
  3 wraiths (Orc:2)
  2 humans (D:13)
  3 shadows
  11 basilisks
  3 fire bats (Lair:4)
  32 yaks
  Grum (D:8)
  A hungry ghost (D:7)
  9 vampire mosquitoes
  12 steam dragons
  2 soldier ants
  8 insubstantial wisps (Swamp:2)
  6 wargs
  An acid dragon (Lair:3)
  23 swamp worms
  Edmund (D:4)
  12 water moccasins
  6 hell hounds (Lair:6)
  5 porcupines
  24 orc warriors
  2 slaves (D:4)
  2 ice beasts
  15 swamp drakes
  3 black bears
  An eye of draining (D:8)
  2 phantoms
  2 sky beasts
  8 wolves
  9 ogres
  A necrophage (D:5)
  2 centaurs
  13 crocodiles
  Blork the orc (D:4)
  4 big kobolds
  11 bullfrogs
  2 wyvern zombies
  4 scorpions
  A wyvern skeleton (D:9)
  6 killer bees (D:11)
  16 wights
  2 howler monkeys (D:5)
  5 electric eels
  3 crimson imps
  2 jellies
  6 lava snakes
  2 centaur zombies
  6 hounds
  12 orc wizards
  2 centaur skeletons (D:11)
  24 orc priests
  2 bullfrog skeletons (D:8)
  Natasha (thrice) (D:3)
  Ijyb (D:4)
  6 worker ants
  A hound skeleton (D:9)
  2 hound zombies
  A howler monkey zombie (D:5)
  Robin (D:4)
  A howler monkey skeleton (D:9)
  12 adders
  3 gnolls (D:7)
  2 shadow imps
  2 adder zombies
  4 worms
  2 dart slugs
  3 leopard geckos
  47 orcs
  4 bats
  5 giant cockroaches
  14 goblins
  9 hobgoblins
  16 jackals
  21 kobolds
  5 quokkas
  2 ball pythons
  7 frilled lizards
  A leopard gecko skeleton (D:4)
  A leopard gecko zombie (D:5)
  A quokka skeleton (D:6)
  5 rats
  7 briar patches (Swamp:3)
  A bush (Lair:6)
  A fungus (Swamp:4)
958 creatures vanquished.

Vanquished Creatures (others)
  A slave (D:4)
  17 fungi
  7 plants
  7 toadstools (Swamp:3)
32 creatures vanquished.

Grand Total: 990 creatures vanquished

Notes
Turn   | Place    | Note
-------+----------+-------------------------------------------
     0 | D:1      | krabocopter the Draconian Conjurer began the quest for the Orb.
     0 | D:1      | Reached XP level 1. HP: 14/14 MP: 3/3
    55 | D:1      | Reached skill level 1 in Fighting
   333 | D:1      | Reached XP level 2. HP: 3/24 MP: 1/5
  1471 | D:2      | Found a shimmering altar of Xom.
  1472 | D:2      | Found a shimmering altar of Xom.
  1472 | D:2      | Found a shimmering altar of Xom.
  1472 | D:2      | Noticed Natasha
  1479 | D:2      | Found a shimmering altar of Xom.
  1479 | D:2      | Found a shimmering altar of Xom.
  1479 | D:2      | Found a shimmering altar of Xom.
  1479 | D:2      | Found a shimmering altar of Xom.
  1479 | D:2      | Noticed Ijyb
  1496 | D:1      | Reached XP level 3. HP: 14/29 MP: 1/6
  1682 | D:2      | Learned a level 2 spell: Searing Ray
  1682 | D:2      | Found a hide-covered altar of Uskayaw.
  1978 | D:2      | Found a sparkling altar of Nemelex Xobeh.
  2406 | D:3      | Killed Natasha
  2406 | D:3      | Reached XP level 4. HP: 24/36 MP: 3/7
  2506 | D:3      | Reached skill level 5 in Conjurations
  2847 | D:3      | Noticed Sigmund
  2925 | D:3      | Noticed Natasha
  2930 | D:3      | Killed Natasha
  2930 | D:3      | Reached XP level 5. HP: 36/41 MP: 6/9
  3242 | D:3      | Noticed Natasha
  3291 | D:3      | Killed Natasha
  3582 | D:3      | Found a radiant altar of Vehumet.
  3587 | D:3      | Became a worshipper of Vehumet
  3724 | D:3      | Learned a level 4 spell: Iskenderun's Mystic Blast
  3863 | D:4      | Noticed a slave
  3874 | D:4      | Noticed Pikel
  3874 | D:4      | Noticed a slave
  3874 | D:4      | Noticed a slave
  4035 | D:4      | Killed Ijyb
  4035 | D:4      | Reached XP level 6. HP: 48/48 MP: 2/11
  4130 | D:4      | Noticed Blork the orc
  4206 | D:4      | Found a bloodstained altar of Trog.
  4325 | D:4      | Noticed a slave
  4355 | D:5      | Entered Level 5 of the Dungeon
  4572 | D:4      | Noticed Edmund
  4866 | D:5      | Reached * piety under Vehumet
  4866 | D:5      | Offered knowledge of Sting by Vehumet.
  4888 | D:5      | Your scales start taking on a golden yellow colour.
  4888 | D:5      | Reached XP level 7. HP: 50/55 MP: 11/13
  5195 | D:5      | Got a smoking rapier
  5202 | D:5      | Identified the +7 rapier "Toco Xet" {flame, *Noise MP+9 Int+6} (You found it on level 5 of the Dungeon)
  5640 | D:6      | Reached skill level 5 in Spellcasting
  5918 | D:6      | Reached XP level 8. HP: 63/63 MP: 15/15
  5936 | D:6      | Found a snail-covered altar of Cheibriados.
  6032 | D:6      | Found an ancient bone altar of Kikubaaqudgha.
  6157 | D:6      | Found a deep blue altar of Sif Muna.
  6416 | D:7      | Offered knowledge of Flame Tongue by Vehumet.
  6610 | D:7      | Found a shadowy altar of Dithmenos.
  6659 | D:7      | Reached ** piety under Vehumet
  6759 | D:7      | Reached skill level 10 in Conjurations
  7219 | D:8      | Reached XP level 9. HP: 70/70 MP: 16/16
  7300 | D:8      | Found a sacrificial altar of Ru.
  7352 | D:8      | Found Fynn's Antique Weapon Shop.
  7369 | D:8      | Offered knowledge of Mephitic Cloud by Vehumet.
  7374 | D:8      | Learned a level 3 spell: Mephitic Cloud
  7417 | D:8      | Found a blossoming altar of Fedhas.
  7438 | D:8      | Learned a level 5 spell: Iskenderun's Battlesphere
  7461 | D:8      | Found a hazy altar of Hepliaklqana.
  7470 | D:8      | Noticed Grum
  7481 | D:8      | Reached skill level 5 in Fighting
  7482 | D:8      | Killed Grum
  7840 | D:9      | Reached *** piety under Vehumet
  7881 | D:9      | Reached skill level 1 in Charms
  7997 | D:9      | Noticed a two-headed ogre
  8003 | D:9      | Killed a two-headed ogre
  8065 | D:9      | Reached XP level 10. HP: 91/91 MP: 8/17
  8087 | D:9      | Offered knowledge of Ignite Poison by Vehumet.
  8092 | D:9      | Learned a level 3 spell: Ignite Poison
  8247 | D:9      | Reached skill level 1 in Poison Magic
  8641 | D:10     | Entered Level 10 of the Dungeon
  8641 | D:10     | Noticed a centaur warrior
  8644 | D:10     | Killed a centaur warrior
  8644 | D:10     | Reached skill level 5 in Poison Magic
  8663 | D:10     | Found Xerikly's Antique Weapon Boutique.
  8664 | D:10     | Found a staircase to the Orcish Mines.
  8716 | D:10     | Found Riatef's Book Emporium.
  8725 | D:10     | Noticed a two-headed ogre
  8730 | D:10     | Killed a two-headed ogre
  8742 | D:10     | Reached **** piety under Vehumet
  8849 | D:10     | Noticed a two-headed ogre
  8854 | D:10     | Killed a two-headed ogre
  8854 | D:10     | Offered knowledge of Bolt of Magma by Vehumet.
  8915 | D:10     | Reached XP level 11. HP: 85/97 MP: 21/21
  8927 | D:10     | Learned a level 5 spell: Bolt of Magma
  9001 | D:10     | Found Onasyky's Magic Scroll Shop.
  9011 | D:10     | Bought a scroll of identify for 22 gold pieces
  9011 | D:10     | Bought a scroll of teleportation for 33 gold pieces
  9011 | D:10     | Bought a scroll of identify for 22 gold pieces
  9011 | D:10     | Bought a scroll of identify for 22 gold pieces
  9134 | D:10     | Found a staircase to the Lair.
  9140 | D:10     | Reached skill level 1 in Fire Magic
  9144 | D:10     | Found Begaq's Food Shop.
  9334 | D:4      | Killed Blork the orc
  9338 | D:4      | Killed Pikel
  9338 | D:4      | Reached skill level 1 in Earth Magic
  9547 | D:4      | Found a staircase to the Ecumenical Temple.
  9558 | D:4      | Noticed Robin
  9564 | D:4      | Killed Robin
  9774 | D:4      | Killed Edmund
  9884 | D:3      | Killed Sigmund
 10123 | Lair:1   | Entered Level 1 of the Lair of Beasts
 10214 | Lair:1   | Noticed a five-headed hydra
 10220 | Lair:1   | Killed a five-headed hydra
 10290 | Lair:1   | Noticed Fannar
 10298 | Lair:1   | Killed Fannar
 10840 | Lair:1   | Upgraded the game from 0.20-a0-556-g892c87b to 0.20-a0-613-g92415a4
 10849 | Lair:1   | Reached skill level 5 in Fire Magic
 10849 | Lair:1   | Reached skill level 5 in Earth Magic
 10959 | Lair:2   | Noticed a wolf spider
 10967 | Lair:2   | Killed a wolf spider
 11362 | Lair:2   | Noticed a seven-headed hydra
 11370 | Lair:2   | Killed a seven-headed hydra
 11550 | Lair:2   | Found a hole to the Spider Nest.
 11803 | Lair:3   | Reached XP level 12. HP: 61/104 MP: 23/23
 12036 | Lair:3   | Reached ***** piety under Vehumet
 12036 | Lair:3   | Offered knowledge of Lee's Rapid Deconstruction by Vehumet.
 12113 | Lair:3   | Got a faintly glowing crystal amulet
 12115 | Lair:3   | Identified the amulet "Giqua" {Inacc MR+} (You found it on level 3 of the Lair of Beasts)
 12304 | Lair:3   | Noticed a death yak
 12327 | Lair:3   | Noticed a death yak
 12327 | Lair:3   | Noticed a four-headed hydra
 12330 | Lair:3   | Killed a death yak
 12338 | Lair:3   | Killed a four-headed hydra
 12339 | Lair:3   | Noticed a death yak
 12340 | Lair:3   | Killed a death yak
 12345 | Lair:3   | Killed a death yak
 12542 | Lair:3   | Learned a level 4 spell: Sticky Flame
 12626 | Lair:3   | Reached skill level 10 in Spellcasting
 12866 | Lair:4   | Learned a level 5 spell: Fireball
 13105 | Lair:4   | Found a deep blue altar of Sif Muna.
 13614 | Lair:4   | Found a staircase to the Swamp.
 13831 | Lair:5   | Noticed an eight-headed hydra
 13836 | Lair:5   | Killed an eight-headed hydra
 13945 | Lair:4   | Reached XP level 13. HP: 48/111 MP: 27/27
 14458 | Lair:5   | Found a shimmering altar of Xom.
 14564 | Lair:6   | Entered Level 6 of the Lair of Beasts
 14623 | Lair:6   | Found a staircase to the Slime Pits.
 14624 | Lair:6   | Found a viscous altar of Jiyva.
 15124 | Lair:6   | Learned a level 4 spell: Olgreb's Toxic Radiance
 15446 | Lair:6   | Reached skill level 1 in Transmutations
 15934 | Lair:6   | Reached skill level 5 in Dodging
 16297 | Lair:6   | Noticed a fire dragon
 16359 | Lair:6   | Found a large runed door.
 16362 | Lair:6   | Found a large runed door.
 16574 | D:10     | Bought a royal jelly for 22 gold pieces
 16574 | D:10     | Bought a royal jelly for 22 gold pieces
 16604 | Orc:1    | Entered Level 1 of the Orcish Mines
 16704 | Orc:1    | Found Tynkuhea's Antique Weapon Shoppe.
 16746 | Orc:1    | Found a roughly hewn altar of Beogh.
 16885 | Orc:1    | Found Dealucep's Armour Emporium.
 16886 | Orc:1    | Gained mutation: You have acidic saliva. [Yellow Draconian growth]
 16886 | Orc:1    | Reached XP level 14. HP: 85/118 MP: 15/29
 17119 | Orc:1    | Found an iron altar of Okawaru.
 17137 | Orc:1    | Offered knowledge of Poison Arrow by Vehumet.
 17359 | Orc:2    | Entered Level 2 of the Orcish Mines
 17397 | Orc:2    | Found Xoher's Magic Scroll Boutique.
 17412 | Orc:2    | Bought a scroll of identify for 28 gold pieces
 17412 | Orc:2    | Bought 2 scrolls of identify for 56 gold pieces
 17412 | Orc:2    | Bought a scroll of identify for 28 gold pieces
 17412 | Orc:2    | Bought a scroll of identify for 28 gold pieces
 17624 | Orc:2    | Found a staircase to the Elven Halls.
 17651 | Orc:2    | Noticed Maurice
 17655 | Orc:2    | Killed Maurice
 17817 | Orc:2    | Noticed Josephine
 17822 | Orc:2    | Killed Josephine
 17822 | Orc:2    | Reached skill level 10 in Fighting
 17952 | Orc:2    | Found Pextax's Antique Armour Boutique.
 18028 | Orc:2    | Offered knowledge of Bolt of Fire by Vehumet.
 18125 | Orc:2    | Bought a pair of embroidered gloves for 232 gold pieces
 18130 | Orc:2    | Bought an embroidered cloak for 232 gold pieces
 18130 | Orc:2    | Bought a glowing hat for 217 gold pieces
 18156 | Orc:2    | Learned a level 6 spell: Bolt of Fire
 18403 | Orc:2    | Found Sazutudgh's Book Boutique.
 18403 | Orc:2    | Found Zozil's General Store.
 18404 | Orc:2    | Found Fiuw's Jewellery Shop.
 18404 | Orc:2    | Found Gutifiny's Antique Armour Boutique.
 18415 | Orc:2    | Bought a glowing buckler for 247 gold pieces
 18417 | Orc:2    | Bought the ring of Beqasuhe {rPois rC+ rN+ Stlth+} for 451 gold pieces
 18496 | Orc:2    | Reached skill level 1 in Shields
 18524 | Orc:2    | Found Xakhlovuepp's Weapon Emporium.
 18769 | D:10     | Gained mutation: You occasionally shout uncontrollably at your foes. [mutagenic meat]
 18770 | D:10     | Gained mutation: You are clumsy. (Dex -2) [mutagenic meat]
 18771 | D:10     | Gained mutation: You regenerate slowly when monsters are visible. [mutagenic meat]
 18772 | D:10     | Lost mutation: You regenerate slowly when monsters are visible. [potion of cure mutation]
 18772 | D:10     | Lost mutation: You are clumsy. (Dex -2) [potion of cure mutation]
 18773 | D:10     | Gained mutation: Scrolls take you a little longer to read. [mutagenic meat]
 18774 | D:10     | Lost mutation: Scrolls take you a little longer to read. [potion of cure mutation]
 18774 | D:10     | Lost mutation: You occasionally shout uncontrollably at your foes. [potion of cure mutation]
 18775 | D:10     | Gained mutation: You have a pair of small antennae on your head. [mutagenic meat]
 18776 | D:10     | Gained mutation: You have large cloven feet. [mutagenic meat]
 19591 | D:12     | Noticed Erolcha
 19647 | D:12     | Reached skill level 5 in Shields
 19709 | D:13     | Found Exze's Distillery.
 19791 | D:13     | Found Bashrept's Antique Armour Boutique.
 19932 | D:13     | Noticed Rupert
 19952 | D:13     | Reached skill level 10 in Fire Magic
 20165 | Swamp:1  | Entered Level 1 of the Swamp
 20645 | Swamp:1  | Noticed a thorn hunter
 20718 | Swamp:1  | Killed a thorn hunter
 20884 | Swamp:1  | Reached XP level 15. HP: 129/129 MP: 31/31
 20885 | Swamp:1  | Identified the Volume of the Assistive Mountains
 21718 | Swamp:2  | Offered knowledge of Ozocubu's Refrigeration by Vehumet.
 22906 | Swamp:3  | Noticed a thorn hunter
 22957 | Swamp:3  | Killed a thorn hunter
 23043 | Swamp:3  | Noticed Donald
 23051 | Swamp:3  | Killed Donald
 23059 | Swamp:3  | Noticed a thorn hunter
 23063 | Swamp:3  | Killed a thorn hunter
 23694 | Swamp:4  | Entered Level 4 of the Swamp
 23708 | Swamp:3  | Identified a scroll of acquirement
 23709 | Swamp:3  | Got a transparent shield
 23722 | Swamp:3  | Identified the +1 shield of Qoin {*Drain rElec rCorr Stlth+} (You acquired it on level 3 of the Swamp)
 24030 | Swamp:4  | Noticed a thorn hunter
 24037 | Swamp:3  | Killed a thorn hunter
 24438 | Swamp:4  | Offered knowledge of Spellforged Servitor by Vehumet.
 24786 | Swamp:4  | Reached XP level 16. HP: 137/137 MP: 32/32
 25402 | Swamp:4  | Got a decaying rune of Zot
 26042 | Spider:1 | Entered Level 1 of the Spider Nest
 26670 | Spider:1 | Offered knowledge of Orb of Destruction by Vehumet.
 26813 | Spider:1 | Upgraded the game from 0.20-a0-613-g92415a4 to 0.20-a0-629-gc37eb77
 27334 | Spider:2 | Reached ****** piety under Vehumet
 27336 | Spider:2 | Noticed Jorgrun
 27646 | Spider:2 | Offered knowledge of Conjure Ball Lightning by Vehumet.
 27672 | Spider:2 | Killed Jorgrun
 29009 | Spider:4 | Entered Level 4 of the Spider Nest
 29028 | Spider:3 | Reached XP level 17. HP: 81/144 MP: 29/35
 30374 | Spider:4 | Offered knowledge of Glaciate by Vehumet.
 30374 | Spider:4 | Offered knowledge of Shatter by Vehumet.
 30374 | Spider:4 | Offered knowledge of Chain Lightning by Vehumet.
 30639 | Spider:4 | HP: 7/148 [emperor scorpion (7)]
 30653 | Spider:4 | HP: 6/148 [demonic crawler (4)]
 30674 | Spider:4 | HP: 2/148 [wolf spider (7)]
 30685 | Spider:4 | Slain by a ghost moth

Vault maps used:
D:1:      lemuel_arrival_muddy
D:2:      lemuel_crystal_altar, xom_redecorated, eat_drink_and_be_merry_uskayaw,
          uniq_iyjb, uniq_natasha
D:3:      vehumet_crystals, first_bread, minmay_misc_feat_roman, uniq_sigmund
D:4:      minmay_temple_entry_trees, serial_glass, glass_columns_a,
          glass_columns_b, glass_columns_b, glass_columns_b, glass_columns_b,
          trog_three_pillars_becter, uniq_blork_the_orc, uniq_pikel,
          uniq_edmund, uniq_robin
D:6:      marbit_many_paths, lemuel_blue_sif_altar, kennysheep_slug_shrine
D:7:      nicolae_dithmenos_shadow_blocks, grunt_ogre_cave, minivault_27
D:8:      kennysheep_mini_moat, lemuel_crystal_altar, kennysheep_little_box,
          serial_shops, nicolae_shop_behind_doors, nicolae_shop_trees, uniq_grum
D:10:     lair_entry_dummy, orc_0_dummy, serial_shops, shop, nicolae_shop_trees,
          nicolae_shop_trees, nicolae_shop_trees,
          nrook_guardian_serpent_ordinary
D:11:     nrook_guardian_serpent_snake_passage, st_stairs_7
D:12:     basic_altar, uniq_erolcha, uniq_nessos
D:13:     david_vaults_3, serial_shops, shop_statue, shop_statue,
          nicolae_shop_temple_entry_statues_fountains, shop
Lair:1:   grunt_megastairs_3, uniq_fannar
Lair:2:   spider_nest_entry_funnel_web, wad_woods_road_02, wad_woods_03
Lair:3:   eino_small_chamber_without_monster, bobbens_dragon_lair_wall,
          infiniplex_staircase_pool_2, grunt_megastairs_5, serial_bayou_shore_a
Lair:4:   nicolae_swamp_entry_splash_gauntlet, basic_altar, st_stairs_3
Lair:5:   basic_altar
Lair:6:   cheibrodos_lair_end_hotspot, slime_altar_1
Swamp:1:  evilmike_swamp_ruin_house_5
Swamp:2:  cheibrodos_swamp_heart_of_darkness, evilmike_swamp_ruin_house_1
Swamp:3:  cheibrodos_swamp_tower_of_moss, hangedman_swamp_ruin_wall,
          swamp_pool4, uniq_donald
Swamp:4:  grunt_swamp_rune_castle
Spider:2: nicolae_spider_stair_cavern, uniq_jorgrun
Spider:4: spider_rune_water, spiders_nest_ghost_moth_duel
Orc:1:    serial_shops, nicolae_shop_behind_doors,
          nicolae_shop_overgrown_old_shop, basic_altar,
          okawaru_metal_pillars_1_2
Orc:2:    st_orc_pillars, serial_shops, shop, shop, shop, special_room,
          uniq_josephine, uniq_maurice

Skill      XL: |  1  2  3  4  5  6  7  8  9 10 11 12 13 14 15 16 17 |
---------------+----------------------------------------------------+-----
Fighting       | 1 2 3 9 11 12 | 12.7
Conjurations   | 5 6 7 8 10 11 13 14 | 14.4
Spellcasting   | 3 4 5 6 7 10 11 12 14 | 14.0
Charms         | 2 |  2.1
Poison Magic   | 7 9 |  9.9
Fire Magic     | 6 9 10 13 | 13.9
Earth Magic    | 6 |  6.8
Transmutations | 2 |  2.6
Dodging        | 7 8 9 |  9.0
Shields        | 5 |  5.2
Stealth        | |  1.7

Action                   |  1- 3 |  4- 6 |  7- 9 | 10-12 | 13-15 | 16-18 || total
-------------------------+-------+-------+-------+-------+-------+-------++-------
Melee: Dagger            |    67 |    39 |    10 |       |       |       ||   116
       Tailslap          |     9 |     7 |     1 |     1 |       |       ||    18
       Rapier            |       |       |     5 |     8 |       |     3 ||    16
 Cast: Magic Dart        |    49 |   109 |   161 |    54 |    13 |       ||   386
       Searing Ray       |     1 |    11 |     2 |     2 |       |       ||    16
       Iskenderun's Myst |       |       |    79 |   165 |   191 |   121 ||   556
       Mephitic Cloud    |       |       |     6 |    44 |    21 |     9 ||    80
       Iskenderun's Batt |       |       |     2 |    26 |    12 |     3 ||    43
       Ignite Poison     |       |       |       |    28 |   174 |   141 ||   343
       Bolt of Magma     |       |       |       |    29 |     3 |       ||    32
       Fireball          |       |       |       |    27 |   175 |    47 ||   249
       Olgreb's Toxic Ra |       |       |       |       |   149 |   146 ||   295
       Bolt of Fire      |       |       |       |       |    89 |    12 ||   101
       Sticky Flame      |       |       |       |       |     1 |     2 ||     3
 Abil: Breathe Acid      |       |       |     6 |     5 |     2 |     4 ||    17
Evoke: Wand              |       |     2 |       |       |     2 |     8 ||    12
  Use: Scroll            |       |    10 |    12 |     8 |    17 |    10 ||    57
       Potion            |       |       |       |       |     4 |     3 ||     7
 Stab: Sleeping          |     1 |     1 |     1 |     1 |       |       ||     4
  Eat: Chunk             |     4 |     9 |     7 |    26 |    36 |    14 ||    96
       Fruit             |     1 |       |       |     2 |     6 |     1 ||    10
       Meat ration       |       |       |     3 |     3 |     4 |     1 ||    11
       Bread ration      |       |       |       |       |     3 |       ||     3
Armor: Skin              |    20 |    28 |    21 |    20 |    44 |   122 ||   255
Dodge: Dodged            |    39 |    55 |    37 |    42 |    63 |   206 ||   442
Block: Buckler           |       |       |       |       |    16 |   102 ||   118
       Shield            |       |       |       |       |     4 |       ||     4
